 Dungeon Crawl Stone Soup version 0.25-a0-42-g6c54e25894 (webtiles) character file.

Game seed: 5020736166413950851, levelgen mode: deterministic

113 Gynju the Magician (level 4, -1/24 HPs)
             Began as a Deep Elf Fire Elementalist on Oct 23, 2019.
             Was an Initiate of Vehumet.
             Slain by a hound (2 damage)
             ... on level 3 of the Dungeon.
             The game lasted 00:02:52 (3062 turns).

Gynju the Magician (Deep Elf Fire Elementalist)     Turns: 3062, Time: 00:02:53

Health: -1/24      AC:  2    Str:  5    XL:     4   Next: 65%
Magic:  0/12       EV: 14    Int: 21    God:    Vehumet [......]
Gold:   102        SH:  0    Dex: 15    Spells: 3/11 levels left

rFire    . . .     SeeInvis .   (no weapon)
rCold    . . .     Gourm    .   (no shield)
rNeg     . . .     Faith    .   a - +0 robe
rPois    .         Spirit   +   (no helmet)
rElec    .         Reflect  .   (no cloak)
rCorr    .         Harm     .   (no gloves)
MR       .....                  (no boots)
Stlth    ++........             r - amulet of guardian spirit
HPRegen  0.08/turn              (no ring)
MPRegen  0.13/turn              (no ring)

@: lethally poisoned (-1 -> -9)
A: no striking features
a: Renounce Religion


You were on level 3 of the Dungeon.
You worshipped Vehumet.
Vehumet was noncommittal.
You were not hungry.

You visited 1 branch of the dungeon, and saw 4 of its levels.

You collected 102 gold pieces.

Inventory:

Missiles
 j - 39 stones (quivered)
 l - 34 poisoned darts
Armour
 a - a +0 robe (worn)
Jewellery
 b - an uncursed ring of see invisible {unknown}
 r - an amulet of guardian spirit (around neck)
Scrolls
 d - a scroll of teleportation
 k - a scroll of magic mapping
Potions
 m - 2 potions of flight
 o - a potion of brilliance
 p - a potion of curing {unknown}
Comestibles
 c - 9 rations
 f - a chunk of flesh


   Skills:
 + Level 3.6 Dodging
 - Level 2.4 Stealth
 + Level 4.2 Spellcasting
 + Level 2.5 Conjurations
 + Level 4.1 Fire Magic


You had 3 spell levels left.
You knew the following spells:

 Your Spells              Type           Power        Failure   Level  Hunger
a - Flame Tongue          Conj/Fire      ###..        3%          1    None
b - Conjure Flame         Conj/Fire      ###.....     9%          3    ###....
c - Sticky Flame          Conj/Fire      ###.....     30%         4    ####...

Your spell library contained the following spells:

 Spells                   Type           Power        Failure   Level  Hunger
 Throw Flame              Conj/Fire      ###...       4%          2    #......
 Inner Flame              Hex/Fire       ##......     16%         3    ###....
 Fireball                 Conj/Fire      ###.......   63%         5    ######.


Dungeon Overview and Level Annotations

Branches:
Dungeon (4/15)
 Temple: D:4-7

Altars:
Cheibriados
Vehumet
Yredelemnul


Message History

Casting: Flame Tongue (safe; 3% risk of failure)
Confirm with . or Enter, or press ? or * to list all spells.
You don't have enough magic to cast that spell.
Casting: Flame Tongue (safe; 3% risk of failure)
Confirm with . or Enter, or press ? or * to list all spells.
You don't have enough magic to cast that spell.
Casting: Flame Tongue (safe; 3% risk of failure)
Confirm with . or Enter, or press ? or * to list all spells.
You don't have enough magic to cast that spell.
Casting: Flame Tongue (safe; 3% risk of failure)
Confirm with . or Enter, or press ? or * to list all spells.
You don't have enough magic to cast that spell.
Casting: Flame Tongue (safe; 3% risk of failure)
Confirm with . or Enter, or press ? or * to list all spells.
You don't have enough magic to cast that spell.
Casting: Flame Tongue (safe; 3% risk of failure)
Confirm with . or Enter, or press ? or * to list all spells.
You don't have enough magic to cast that spell.
The hound bites you.
You die...

#.# ##ยงยงยง## #.....#
#.##### ##+## ##.####
##.#...## #.# #.#
#.......# #.#########.#
#.......###.#.......#.#
#.#.....##....#####.#.#
#......##....a# #.#.#
#####.####..h># #.#.#
#.#####.#@#####.#.#
#.................#
#########.......###
#########


You could see a hound and a worker ant.

Vanquished Creatures
  6 adders
  2 worms
  2 dart slugs (D:2)
  3 leopard geckos (D:2)
  3 giant cockroaches
  5 goblins
  5 hobgoblins
  5 jackals
  A ball python (D:1)
  6 bats
  2 frilled lizards
  5 kobolds
  A leopard gecko skeleton (D:4)
  A rat (D:2)
47 creatures vanquished.

Notes
Turn   | Place    | Note
-------+----------+-------------------------------------------
     0 | D:1      | Gynju the Deep Elf Fire Elementalist began the quest for
                  | the Orb.
     0 | D:1      | Reached XP level 1. HP: 10/10 MP: 6/6
   265 | D:1      | Reached XP level 2. HP: 13/15 MP: 0/8
   985 | D:2      | Reached XP level 3. HP: 18/19 MP: 5/10
  1035 | D:2      | Learned a level 3 spell: Conjure Flame
  1536 | D:2      | Found a basalt altar of Yredelemnul.
  1536 | D:2      | Found a faded altar of an unknown god.
  1542 | D:2      | Found a radiant altar of Vehumet.
  1544 | D:2      | Found a faded altar of an unknown god.
  1545 | D:2      | Found a snail-covered altar of Cheibriados.
  1623 | D:2      | Became a worshipper of Vehumet
  1940 | D:3      | Reached XP level 4. HP: 22/24 MP: 8/12
  2075 | D:3      | Learned a level 4 spell: Sticky Flame
  3061 | D:3      | HP: 1/24 [hound (5)]
  3062 | D:3      | Slain by a hound

Levels and vault maps discovered:
D:1:      scummos_arrival_checkerplants, layout_loops_ring, minmay_distorted
D:2:      layout_loops_ring, chequers_temple_overflow_minitemple
D:3:      layout_loops_corners, first_ration
D:4:      layout_basic, minmay_temple_entry_gardened_gates, saegor_snake_ambush,
          uniq_blork_the_orc

Skill      XL: |  1  2  3  4 |
---------------+-------------+-----
Dodging        | 3 |  3.6
Conjurations   | 2 |  2.5
Spellcasting   | 4 |  4.2
Fire Magic     | 4 |  4.1
Stealth        | |  2.4

Action                   |  1- 3 |  4- 6 || total
-------------------------+-------+-------++-------
Melee: Unarmed           |     9 |       ||     9
 Cast: Flame Tongue      |    63 |    22 ||    85
       Sticky Flame      |       |     1 ||     1
  Use: Scroll            |       |    13 ||    13
  Eat: Chunk             |     3 |     3 ||     6
Armor: Robe              |     8 |     3 ||    11
Dodge: Dodged            |    34 |    13 ||    47

Table legend:
 A = Non-vault XP
 B = Vault XP
 C = Vault XP percentage of total XP
 D = Non-vault monster count
 E = Vault monster count
 F = Vault count percentage of total count
                 A         B        C        D         E       F
            +---------+---------+-------+---------+---------+-------
      Total |     160 |       2 |   1.2 |      46 |       1 |   2.1
            +---------+---------+-------+---------+---------+-------
        D:1 |      21 |       2 |   8.7 |      13 |       1 |   7.1
        D:2 |      69 |       0 |   0.0 |      19 |       0 |   0.0
        D:3 |      65 |       0 |   0.0 |      12 |       0 |   0.0
        D:4 |       5 |       0 |   0.0 |       2 |       0 |   0.0
            +---------+---------+-------+---------+---------+-------
